 Dungeon Crawl Stone Soup version 0.30-a0-857-gcaf70739d4 (webtiles) character file.

Game seed: 10010052994644314229

135 Newt the Shooter (level 5, -1/35 HPs)
             Began as a Kobold Hunter on Mar 6, 2023.
             Constricted to death by an orc wizard (4 damage)
             ... on level 5 of the Dungeon.
             The game lasted 00:01:36 (2088 turns).

Newt the Shooter (Kobold Hunter)                    Turns: 2088, Time: 00:01:36

Health: -1/35      AC:  8    Str:  8    XL:     5   Next: 41%
Magic:  14/14      EV: 11    Int: 11    God:
Gold:   139        SH:  0    Dex: 20    Spells: 4/4 levels left

rFire   . . .      SeeInvis .    a - +1 shortbow
rCold   . . .      Faith    .    (shield currently unavailable)
rNeg    . . .      Spirit   .    c - +1 leather armour
rPois   .          Reflect  .    (no helmet)
rElec   .          Rampage  .    (no cloak)
rCorr   .                        (no gloves)
Will    .....                    (no boots)
Stlth   +++                      (no amulet)
HPRegen 0.25/turn                d - ring of magical power
MPRegen 0.14/turn                g - +4 ring of protection

@: brilliant, grasped by roots, attractive, hasted, constricted, very quick
A: small, no large weapons, nightstalker 3
a: no special abilities


You were on level 5 of the Dungeon.
You visited 1 branch of the dungeon, and saw 4 of its levels.

You collected 139 gold pieces.

Inventory:

Hand Weapons
 a - a +1 shortbow (weapon)
Armour
 c - a +1 leather armour (worn)
Jewellery
 d - a ring of magical power (left hand)
 g - a +4 ring of protection (right hand)
Wands
 e - a wand of charming (8)
Scrolls
 b - a scroll of immolation
 i - a scroll of identify
Potions
 f - a potion of degeneration


   Skills:
 - Level 5.0 Fighting
 + Level 6.3 Ranged Weapons
 - Level 2.4 Dodging
 - Level 1.3 Stealth


You had 4 spell levels left.
You didn't know any spells.
Your spell library contained the following spells:

 Spells                   Type           Power      Damage    Failure   Level
 Summon Forest            Summ/Tloc      0%         N/A       100%        5
 Summon Mana Viper        Hex/Summ       0%         N/A       100%        5
 Summon Cactus Giant      Summ           0%         N/A       100%        6


Dungeon Overview and Level Annotations

Branches:
Dungeon (5/15)
 Temple: D:4-7

Altars:
The Shining One

Shops:
D:1 :

Annotations:
D:4 Sigmund


Innate Abilities, Weirdness & Mutations

You are small and have problems with some larger weapons.
You are completely attuned to the shadows.


Message History

The orc completely misses you.
The orc wizard gestures at you while chanting.
The puff of flame hits you!
* * * LOW HITPOINT WARNING * * *
The grasping roots constrict you.
* * * LOW HITPOINT WARNING * * *
You hear an angry hiss.
You escape the roots grasp.
The giant cockroach waves its antennae.
The orc hits you with a +0 club.
* * * LOW HITPOINT WARNING * * *
The orc wizard hits you but does no damage.
The orc barely misses you.
You climb downwards.
There is a stone staircase leading up here.
Unknown command.
It was a potion of attraction.
You feel attractive to monsters. The orc barely misses you.
The orc wizard closely misses you. The orc completely misses you.
It was a potion of haste.
You feel yourself speed up. The orc barely misses you.
The orc wizard hits you but does no damage.
The orc hits you but does no damage.
It was a potion of brilliance.
You feel clever all of a sudden.
Unknown command.
You shoot an arrow. The arrow hits the orc wizard.
The orc wizard is heavily wounded.
The orc hits you but does no damage. The orc wizard completely misses you.
The orc barely misses you.
You shoot an arrow. The arrow hits the orc!
You kill the orc!
The orc barely misses you. The orc wizard misses you.
You shoot an arrow. The arrow hits the orc!
You kill the orc!
The orc wizard zaps a wand.
The roots erupt in riotous growth!
The grasping roots grab you!
The orc wizard is unaffected.
The grasping roots constrict you.
You die...

##.... ##.....
##...... ..
##....... ...
##..o@)...
##....##....)..^.
..........##.....
#..8.#...#####...
.$........## #..
...8...8...###
..........#..##
#..8.#######..##
.....# ##..## ...


You could see an orc wizard.

Vanquished Creatures
  An iguana (D:5)
  6 adders (D:2)
  An ufetubus (D:5)
  A dart slug (D:1)
  3 orcs (D:5)
  5 endoplasms
  2 giant cockroaches
  5 hobgoblins
  3 jackals (D:1)
  3 kobolds
  2 quokkas
  6 ball pythons
  A bat (D:1)
  A frilled lizard (D:1)
  4 goblins
  2 rats (D:1)
46 creatures vanquished.

Notes
Turn   | Place    | Note
-------+----------+-------------------------------------------
     0 | D:1      | Newt the Kobold Hunter began the quest for the Orb.
     0 | D:1      | Reached XP level 1. HP: 12/12 MP: 1/1
   189 | D:1      | Reached XP level 2. HP: 18/18 MP: 2/2
   382 | D:1      | Reached XP level 3. HP: 23/23 MP: 3/3
   931 | D:1      | Found Uriubb's Book Boutique.
  1110 | D:2      | Found a glowing golden altar of the Shining One.
  1279 | D:2      | Reached XP level 4. HP: 30/30 MP: 4/4
  1443 | D:2      | Reached skill level 5 in Fighting
  1680 | D:2      | You fall into a shaft and drop 2 floors!
  1697 | D:4      | Noticed Sigmund
  1709 | D:5      | Entered Level 5 of the Dungeon
  1714 | D:5      | Reached XP level 5. HP: 18/35 MP: 5/5
  1722 | D:5      | Reached skill level 6 in Ranged Weapons
  2081 | D:4      | HP: 1/35 [orc/+0 club (3)]
  2088 | D:5      | Constricted to death by an orc wizard

Illustrated notes

Levels and vault maps discovered:
D:1:      dpeg_arrival_snail, layout_basic, serial_shops, nicolae_shop_trees,
          minmay_tiny_reverse_x
D:2:      layout_loops_ring, basic_altar, nicolae_half_adder
D:4:      layout_rooms, minmay_temple_entry_hall, uniq_edmund, uniq_sigmund
D:5:      lemuel_ratsnest, layout_cave_pods, serial_column_ruins,
          column_ruins_columns_plus, column_ruins_corridor_straight,
          column_ruins_open_medium, column_ruins_open_medium,
          column_ruins_grid_4, dk_noncrumbling_3

Skill      XL: |  1  2  3  4  5 |
---------------+----------------+-----
Fighting       | 3 4 5 |  5.0
Ranged Weapons | 6 |  6.3
Dodging        | |  2.4
Stealth        | |  1.3

Action                     |  1- 3 |  4- 6 || total
---------------------------+-------+-------++-------
  Melee: Shortbow          |       |     2 ||     2
   Fire: Shortbow          |    72 |    51 ||   123
    Use: Scroll            |     3 |     3 ||     6
         Potion            |       |     3 ||     3
 Armour: Leather armour    |    18 |    22 ||    40
  Dodge: Dodged            |    39 |    56 ||    95

Table legend: (Time is in decaauts)
 A = Elapsed time spent in this place.
 B = Non-inter-level travel time spent in this place.
 C = Inter-level travel time spent in this place.
 D = Time resting spent in this place.
 E = Time spent auto-exploring this place.
 F = Levels seen in this place.
 G = Mean time per level.
                   A        B        C        D        E       F      G
               +--------+--------+--------+--------+--------+-----+--------+
         Total |   2121 |   2101 |     20 |    279 |   1553 |   4 |  530.2 |
       Dungeon |   2121 |   2101 |     20 |    279 |   1553 |   4 |  530.2 |
               +--------+--------+--------+--------+--------+-----+--------+

Top non-repeatable levels by time:
     D:1: 1116 daAuts
     D:2: 589 daAuts
     D:5: 371 daAuts
     D:4: 43 daAuts
